 Dungeon Crawl Stone Soup version 0.23-a0-359-g9beedce (webtiles) character file.

0 Cryolive the Digger (level 1, -2/10 HPs)
             Began as a Gargoyle Earth Elementalist on Oct 23, 2018.
             Slain by a gnoll
             ... wielding a +0 flail
              (10 damage)
             ... on level 1 of the Dungeon.
             The game lasted 00:00:11 (32 turns).

Cryolive the Digger (Gargoyle Earth Elementalist)     Turns: 32, Time: 00:00:11

Health: -2/10      AC:  4    Str: 11    XL:     1   Next: 10%
Magic:  3/3        EV: 12    Int: 15    God:
Gold:   0          SH:  0    Dex: 10    Spells: 3/4 levels left

rFire    . . .     SeeInvis .   (no weapon)
rCold    . . .     Gourm    .   (no shield)
rNeg     + . .     Faith    .   c - +0 robe
rPois    ∞         Spirit   .   (no helmet)
rElec    +         Reflect  .   (no cloak)
rCorr    .         Harm     .   (no gloves)
MR       .....                  (no boots)
Stlth    ++........             (no amulet)
HPRegen  0.03/turn              (no ring)
MPRegen  0.08/turn              (no ring)

@: no status effects
A: negative energy resistance 1, electricity resistance, unbreathing,
petrification resistance, rot immunity, AC +2
a: no special abilities


You were on level 1 of the Dungeon.
You were not hungry.

You visited 1 branch of the dungeon, and saw 1 of its levels.

Inventory:

Missiles
 b - 30 stones (quivered)
Armour
 c - a +0 robe (worn)
Comestibles
 d - a ration


   Skills:
 - Level 1.5 Dodging
 - Level 2.1 Stealth
 + Level 2.0 Spellcasting
   Level 0.7 Transmutations
 + Level 3.6 Earth Magic


You had 3 spell levels left.
You knew the following spells:

 Your Spells              Type           Power        Failure   Level  Hunger
a - Sandblast             Erth           ##....       4%          1    #......

Your spell library contained the following spells:

 Spells                   Type           Power        Failure   Level  Hunger
 Passwall                 Tmut/Erth      #.......     14%         2    ###....
 Stone Arrow              Conj/Erth      #.....       30%         3    ###....
 Petrify                  Tmut/Erth      #.......     65%         4    #####..
 Lee's Rapid Deconstruct  Erth           ##........   80%         5    ######.


Dungeon Overview and Level Annotations

Branches:
Dungeon (1/15)

Altars:


Innate Abilities, Weirdness & Mutations

You are resistant to torment.
Your stone body is resilient. (AC +2)
You are immune to poison.
You resist negative energy. (rN+)
You are resistant to electric shocks. (rElec)
You can survive without breathing.
You are immune to petrification.
You are immune to rotting.


Message History

Tha bat hits ye but does nay damage.
Ye closely miss tha bat.
Tha bat hits ye but does nay damage.
Tha bat barely misses ye.
Tha bat hits ye but does nay damage.
Ye hit tha bat but do nay damage.
Tha bat barely misses ye.
Tha bat hits ye but does nay damage. x2
Ye closely miss tha bat.
Tha bat barely misses ye.
Tha bat hits ye but does nay damage.
Ye hit tha bat.
Tha bat be moderately wounded.
Tha bat hits ye but does nay damage.
Tha bat barely misses ye.
Ye closely miss tha bat.
Tha bat be moderately wounded.
Tha bat hits ye but does nay damage. x3; Tha bat barely misses ye.
Ye hit tha bat.
Ye kill tha bat!
Tha bat hits ye but does nay damage.
Tha bat hits ye.
Ye hit tha gnoll but do nay damage.
Tha bat barely misses ye.
Tha gnoll hits ye wit' a +0 flail!
Ouch! Tha re'lly hurt!
Ye die...

###......
#......# ##
#......# ..
#...K..#
####.##......#
......(.K....#
.....##g#.##%###
.## #g# .....
#@#+##.#
#b.....#
#.....##
#####'#####
#.........#
#.........#
#..⌠...⌠..#
#.........#
+....<....+


You could see a gnoll, a goblin, a bat and a kobold.

Vanquished Creatures
  A bat (D:1)
1 creature vanquished.

Notes
Turn   | Place    | Note
-------+----------+-------------------------------------------
     0 | D:1      | Cryolive the Gargoyle Earth Elementalist began the quest
                  | for the Orb.
     0 | D:1      | Reached XP level 1. HP: 10/10 MP: 3/3
    32 | D:1      | Slain by a gnoll

Vault maps used:
D:1:      mushboom_english_gardens, hangedman_decor_slide_cut

Action                   || total
-------------------------++-------
Melee: Unarmed           ||    18
Armor: Robe              ||    19
Dodge: Dodged            ||    20

Table legend:
 A = Non-vault XP
 B = Vault XP
 C = Vault XP percentage of total XP
 D = Non-vault monster count
 E = Vault monster count
 F = Vault count percentage of total count
                 A         B        C        D         E       F
            +---------+---------+-------+---------+---------+-------
      Total |       1 |       0 |   0.0 |       1 |       0 |   0.0
            +---------+---------+-------+---------+---------+-------
        D:1 |       1 |       0 |   0.0 |       1 |       0 |   0.0
            +---------+---------+-------+---------+---------+-------
